 Dungeon Crawl Stone Soup version 0.30.1-8-g117510f58f (webtiles) character file.

Game seed: 10454820651920319048

17 Ivernyr the Ducker (level 2, 0/15 HPs)
             Began as a Spriggan Gladiator on Sept 23, 2023.
             Slain by a kobold
             ... wielding a +0 whip
              (2 damage)
             ... on level 1 of the Dungeon.
             The game lasted 00:01:04 (379 turns).

Ivernyr the Ducker (Spriggan Gladiator)              Turns: 379, Time: 00:01:05

Health: 0/15       AC:  2    Str: 10    XL:     2   Next: 44%
Magic:  3/3        EV: 18    Int:  9    God:
Gold:   85         SH:  0    Dex: 16    Spells: 1/1 levels left

rFire   . . .        a - +0 long sword
rCold   . . .        (no shield)
rNeg    . . .        b - +0 robe
rPois   .            c - +0 hat
rElec   .            (no cloak)
rCorr   .            (gloves unavailable)
SInv    +            (boots unavailable)
Will    .....        (no amulet)
Stlth   +            (no ring)
HPRegen 0.22/turn    (no ring)
MPRegen 0.08/turn

%: no passive effects
@: very quick
A: very small, no large weapons, unfitting armour, see invisible, speed 3
a: no special abilities


You were on level 1 of the Dungeon.
You visited 1 branch of the dungeon, and saw 1 of its levels.

You collected 85 gold pieces.

Inventory:

Hand Weapons
 a - a +0 long sword (weapon)
Missiles
 d - 3 throwing nets (quivered)
 e - 2 boomerangs
Armour
 b - a +0 robe (worn)
 c - a +0 hat (worn)
Scrolls
 f - a scroll of identify {unknown}
 g - a scroll of enchant weapon {unknown}
 h - a scroll of vulnerability {unknown}
 i - a scroll of teleportation {unknown}


   Skills:
 + Level 1.8 Fighting
 * Level 2.7 Long Blades
 - Level 2.0 Throwing
 + Level 0.4 Armour
 + Level 4.2 Dodging


You had one spell level left.
You didn't know any spells.
Your spell library was empty.

Dungeon Overview and Level Annotations

Branches:
Dungeon (1/15)

Altars:


Innate Abilities, Weirdness & Mutations

You are very small and have problems with some larger weapons.
You are too small for most types of armour.
You have supernaturally acute eyesight. (SInv)
You cover ground extremely quickly. (Speed+++)


Message History

You see here 14 gold pieces.
A hobgoblin is nearby!
You now have 76 gold pieces (gained 14).
The hobgoblin shouts!
The hobgoblin misses you.
You hit the hobgoblin.
The hobgoblin is moderately wounded.
The hobgoblin completely misses you.
You slash the hobgoblin!
You kill the hobgoblin!
You see here a rat corpse.
You now have 85 gold pieces (gained 9).
Found a stone staircase leading down.
There is a stone staircase leading down here.
A kobold comes into view. It is wielding a +0 whip.
You see here a +0 robe.
The kobold shouts!
You hear an angry hiss.
You hit the kobold but do no damage. The kobold closely misses you.
You hit the kobold but do no damage. The kobold hits you with a +0 whip.
A ball python comes into view.
You barely miss the kobold. The kobold hits you with a +0 whip.
The kobold barely misses you.
You hit the kobold.
The kobold is severely wounded.
The kobold misses you.
You barely miss the kobold.
The kobold is severely wounded.
The kobold hits you with a +0 whip.
* * * LOW HITPOINT WARNING * * *
You closely miss the kobold.
The kobold is severely wounded.
The kobold hits you with a +0 whip.
* * * LOW HITPOINT WARNING * * *
You miss the kobold.
The kobold is severely wounded.
The kobold hits you but does no damage.
You closely miss the kobold.
The kobold is severely wounded.
The kobold hits you with a +0 whip.
You die...

#######.# #...# #...## #.#
#.# #.### ..# #.# ###.# ####
.# ##.# #...# #..#
.######..####(######..#
######.##...................#
..........##.###[##########.#
#####..####>.# #.# #.## #.##
#.## #@# #..# #.# #.# #K#
##.# .# #.# #.# #S# #.#
...##.# ##.# #.# #.##
##....####..# ..# #..#
........##.## ### ##.#
#######..#.# #.### ##...#
#_#.. ##..# #.#.#


You could see a ball python and a kobold.

Vanquished Creatures
  A bat (D:1)
  An endoplasm (D:1)
  2 giant cockroaches (D:1)
  A hobgoblin (D:1)
  2 ball pythons (D:1)
  4 frilled lizards (D:1)
  3 goblins (D:1)
  2 kobolds (D:1)
  2 rats (D:1)
18 creatures vanquished.

Notes
Turn   | Place    | Note
-------+----------+-------------------------------------------
     0 | D:1      | Ivernyr the Spriggan Gladiator began the quest for the Orb.
     0 | D:1      | Reached XP level 1. HP: 10/10 MP: 2/2
     7 | D:1      | Found a faded altar of an unknown god.
   162 | D:1      | Reached XP level 2. HP: 8/15 MP: 3/3
   379 | D:1      | Slain by a kobold

Illustrated notes

Levels and vault maps discovered:
D:1:      saegor_arrival_simple_a, layout_rooms, basic_ecumenical_altar

Action                     || total
---------------------------++-------
  Melee: Long sword        ||    60
         Punch             ||     1
 Armour: Robe              ||     8
  Dodge: Dodged            ||    56
